 Dungeon Crawl Stone Soup version 0.20.1-1-g8b1a95d (webtiles) character file.

3122 gobwax the Thaumaturge (level 9, -1/67 HPs)
             Began as a Deep Elf Air Elementalist on Sept 8, 2017.
             Was a Follower of Vehumet.
             Shot with an arrow by a centaur (8 damage)
             ... on level 8 of the Dungeon.
             The game lasted 00:29:42 (8533 turns).

gobwax the Thaumaturge (Deep Elf Air Elementalist)  Turns: 8533, Time: 00:29:43

Health: -1/67      AC:  5    Str: 10    XL:     9   Next: 60%
Magic:  8/24       EV: 13    Int: 22    God:    Vehumet [*.....]
Gold:   373        SH:  0    Dex: 13    Spells: 8/26 levels left

rFire    . . .     SeeInvis +   f - +9 falchion of the Establishment {venom, rC+ rN+}
rCold    + + .     Gourm    .   (no shield)
rNeg     + . .     Faith    .   a - +0 robe
rPois    .         Spirit   .   D - +0 helmet
rElec    .         Reflect  .   s - +0 cloak
rCorr    .         Harm     .   (no gloves)
MR       .....                  y - +0 pair of boots
Stlth    ..........             (no amulet)
Regen    0.3/turn               (no ring)
MPRegen  0.2/turn               (no ring)

@: berserking (expiring), about to teleport, very quick
A: talons 1, see invisible, clumsy 1, cold resistance 1, deterioration 2, dopey
1, sense surroundings 1
a: Renounce Religion


You were on level 8 of the Dungeon.
You worshipped Vehumet.
Vehumet was aware of your devotion.
You were not hungry.

You visited 2 branches of the dungeon, and saw 9 of its levels.

You collected 373 gold pieces.

Inventory:

Hand Weapons
 f - the +9 falchion of the Establishment (weapon) {venom, rC+ rN+}
   (You took it off an orc on level 6 of the Dungeon)

   It poisons the flesh of those it strikes.
   It protects you from cold.
   It protects you from negative energy.
 r - a +5 quarterstaff of chaos
Armour
 a - a +0 robe (worn)
 g - a +0 cloak
 s - a +0 cloak (worn)
 y - a +0 pair of boots (worn)
 D - a +0 helmet (worn)
Jewellery
 x - an uncursed ring of teleportation
Wands
 z - a wand of paralysis (11/24)
Scrolls
 e - 4 scrolls of teleportation
 h - 3 scrolls of amnesia
 i - a scroll of enchant armour {unknown}
 k - 7 scrolls of identify
 m - 6 scrolls of remove curse
 o - 2 scrolls of fear {unknown}
 q - 3 scrolls of fog (quivered) {unknown}
 u - 3 scrolls of immolation {unknown}
 w - 2 scrolls of recharging {unknown}
 A - a scroll of noise {unknown}
 B - a scroll of blinking {unknown}
Potions
 j - a potion of might
 l - a potion of agility
Books
 b - a book of Air

   Spells                             Type                      Level
   a - Shock                          Conjuration/Air              1
   b - Swiftness                      Charms/Air                   2
   c - Static Discharge               Conjuration/Air              3
   d - Airstrike                      Air                          4
   e - Lightning Bolt                 Conjuration/Air              5
 C - a book of Battle

   Spells                             Type                      Level
   a - Infusion                       Charms                       1
   b - Shroud of Golubria             Charms/Translocation         2
   c - Song of Slaying                Charms                       2
   d - Spectral Weapon                Hexes/Charms                 3
   e - Regeneration                   Charms/Necromancy            3
Comestibles
 c - 6 bread rations
 d - 7 meat rations
 n - 5 royal jellies
 p - a chunk of flesh


   Skills:
 - Level 2.7 Dodging
 - Level 2.6 Stealth
 + Level 9.4 Spellcasting
 * Level 8.9 Conjurations
 * Level 8.9 Air Magic


You had 8 spell levels left.
You knew the following spells:

 Your Spells              Type           Power        Failure   Level  Hunger
a - Shock                 Conj/Air       ####         1%          1    None
b - Static Discharge      Conj/Air       #####...     1%          3    None
c - Airstrike             Air            #####.....   1%          4    ##.....
d - Lightning Bolt        Conj/Air       #####.....   4%          5    ####...
e - Regeneration          Chrm/Necr      ##........   19%         3    None
f - Swiftness             Chrm/Air       ####....     1%          2    None


Dungeon Overview and Level Annotations

Branches:
Dungeon (8/15)             Temple (1/1) D:5
   Lair: D:8-11

Altars:
Ashenzari
Cheibriados
Elyvilon
Fedhas
Gozag
Hepliaklqana
Kikubaaqudgha
Makhleb
Okawaru
Qazlal
Ru
Sif Muna
Uskayaw
Vehumet
Yredelemnul
Zin


Innate Abilities, Weirdness & Mutations

You have sharp toenails.
You have supernaturally acute eyesight. (SInv)
You are clumsy. (Dex -2)
Your flesh is cold resistant. (rC+)
Your body often deteriorates upon taking damage.
You are dopey. (Int -2)
You passively map a small area around you.


Message History

* * * LOW HITPOINT WARNING * * *
The hound bites you.
* * * LOW HITPOINT WARNING * * *
The centaur closely misses you. The hound bites you.
* * * LOW HITPOINT WARNING * * *
A quasit comes into view.
A red film seems to cover your vision as you go berserk!
You feel yourself moving faster!
You feel mighty!
You feel sick.
You are no longer poisoned.
The quasit gives a chilling moan.
The centaur barely misses you.
Two slime creatures merge to form a large slime creature.
You feel a strong urge to attack something.
The centaur wields an uncursed shortbow.
The centaur shoots an arrow.
The arrow completely misses you.
Two slime creatures merge to form a very large slime creature.
There is a stone staircase leading up here.
You see here an arrow.
The centaur shoots an arrow.
The arrow hits you!
You die...

, ..# *.#
, ,* ,
..####.
## * *
........
, ,, ,
......# #
,>
.5.#.,#.#
* > ,
.h.#... ,
, #Jc.#,
* **
###.# , ,
* *,#.@<#
, , , ,
#...### ,
, #..## ,
, #.. ,*
* ,, ,
#.. , ,
#.., ...,
, ,###.,
, ,, * ,


You could see a very large slime creature, a centaur and a hound.

Vanquished Creatures
  A deep elf mage (D:6)
  Prince Ribbit (D:6)
  An orc warrior (D:7)
  3 sky beasts
  A black bear (D:6)
  An ice beast (D:5)
  2 phantoms
  6 ogres
  3 centaurs
  2 bullfrogs
  2 scorpions
  3 crimson imps
  An orc priest (D:7)
  A bullfrog zombie (D:5)
  A jelly (D:6)
  5 orc wizards
  A bullfrog skeleton (D:5)
  Crazy Yiuf (D:2)
  Natasha (twice) (D:2)
  6 worker ants
  A killer bee zombie (D:6)
  4 adders
  2 howler monkey skeletons (D:7)
  A shadow imp (D:5)
  5 oozes
  2 adder skeletons
  2 worms
  2 dart slugs
  6 leopard geckos
  12 orcs
  A ball python (D:5)
  5 giant cockroaches
  9 goblins
  9 hobgoblins
  6 jackals
  11 kobolds
  3 quokkas
  9 bats
  3 frilled lizards
  A quokka skeleton (D:6)
  8 rats
146 creatures vanquished.

Vanquished Creatures (others)
  A frilled lizard (D:2)
1 creature vanquished.

Grand Total: 147 creatures vanquished

Notes
Turn   | Place    | Note
-------+----------+-------------------------------------------
     0 | D:1      | gobwax the Deep Elf Air Elementalist began the quest for the Orb.
     0 | D:1      | Reached XP level 1. HP: 10/10 MP: 6/6
   132 | D:1      | Reached XP level 2. HP: 15/15 MP: 1/8
   667 | D:1      | Reached XP level 3. HP: 19/19 MP: 8/10
  1121 | D:2      | Found a stormy altar of Qazlal.
  1495 | D:2      | Noticed Natasha
  1501 | D:2      | Killed Natasha
  1501 | D:2      | Reached skill level 4 in Spellcasting
  1501 | D:2      | Reached XP level 4. HP: 24/24 MP: 9/12
  1608 | D:2      | Noticed Natasha
  1613 | D:2      | Killed Natasha
  1769 | D:2      | Found a runed door.
  1773 | D:2      | Noticed Crazy Yiuf
  1781 | D:2      | Killed Crazy Yiuf
  1781 | D:2      | Reached XP level 5. HP: 11/28 MP: 3/14
  2551 | D:3      | Learned a level 3 spell: Static Discharge
  2556 | D:3      | Learned a level 4 spell: Airstrike
  2743 | D:4      | Reached skill level 5 in Spellcasting
  2995 | D:4      | Noticed an ogre
  3002 | D:4      | Killed an ogre
  3002 | D:4      | Reached XP level 6. HP: 32/32 MP: 5/16
  3696 | D:4      | Reached skill level 5 in Air Magic
  3852 | D:5      | Entered Level 5 of the Dungeon
  4021 | D:5      | Found a staircase to the Ecumenical Temple.
  4029 | Temple   | Entered the Ecumenical Temple
  4085 | Temple   | Became a worshipper of Vehumet
  4435 | D:5      | Noticed an ice beast
  4442 | D:5      | Killed an ice beast
  4442 | D:5      | Reached skill level 6 in Spellcasting
  4442 | D:5      | Reached XP level 7. HP: 29/36 MP: 6/18
  5022 | D:6      | Reached skill level 5 in Conjurations
  5053 | D:6      | Found an iron altar of Okawaru.
  5096 | D:6      | Noticed Prince Ribbit
  5282 | D:6      | Learned a level 5 spell: Lightning Bolt
  5434 | D:6      | Gained mutation: Your flesh is cold resistant. (rC+) [mutagenic meat]
  5435 | D:6      | Gained mutation: You expend magic power (3 MP) to strengthen your wands. [mutagenic meat]
  5436 | D:6      | Gained mutation: You have sharp toenails. [mutagenic meat]
  5437 | D:6      | Gained mutation: You are frail. (-10% HP) [mutagenic meat]
  5438 | D:6      | Gained mutation: Your body sometimes deteriorates upon taking damage. [mutagenic meat]
  5439 | D:6      | Gained mutation: You passively map a small area around you. [mutagenic meat]
  5581 | D:6      | Reached skill level 7 in Spellcasting
  5626 | D:6      | Reached XP level 8. HP: 20/36 MP: 14/20
  5797 | D:6      | Killed Prince Ribbit
  5886 | D:6      | Noticed a deep elf mage
  6247 | D:6      | Learned a level 3 spell: Regeneration
  6518 | D:6      | Reached * piety under Vehumet
  6518 | D:6      | Offered knowledge of Freeze by Vehumet.
  6522 | D:6      | Gained mutation: Your body often deteriorates upon taking damage. [mutagenic meat]
  6524 | D:6      | Gained mutation: You have supernaturally acute eyesight. (SInv) [mutagenic meat]
  6525 | D:6      | Gained mutation: You are clumsy. (Dex -2) [mutagenic meat]
  6527 | D:6      | Lost mutation: You are frail. (-10% HP) [mutagenic meat]
  6791 | D:6      | Reached skill level 8 in Spellcasting
  6813 | D:6      | Got a slimy falchion {venom}
  6814 | D:6      | Identified the +9 falchion of the Establishment {venom, rC+ rN+} (You took it off an orc on level 6 of the Dungeon)
  6818 | D:6      | Learned a level 2 spell: Swiftness
  6939 | D:6      | Killed a deep elf mage
  6939 | D:6      | Reached XP level 9. HP: 40/45 MP: 6/23
  7399 | D:7      | Lost mutation: You expend magic power (3 MP) to strengthen your wands. [mutagenic meat]
  7400 | D:7      | Gained mutation: You are dopey. (Int -2) [mutagenic meat]
  7720 | D:7      | Reached skill level 9 in Spellcasting
  8533 | D:8      | Shot with an arrow by a centaur

Skill      XL: |  1  2  3  4  5  6  7  8  9 |
---------------+----------------------------+-----
Air Magic      | 4 5 6 7 8 |  8.9
Spellcasting   | 4 5 6 7 8 9 |  9.4
Conjurations   | 2 3 4 5 7 8 |  8.9
Dodging        | |  2.7
Stealth        | |  2.6

Action                   |  1- 3 |  4- 6 |  7- 9 || total
-------------------------+-------+-------+-------++-------
Melee: Quarterstaff      |       |     1 |    24 ||    25
       Falchion          |       |       |    22 ||    22
 Cast: Shock             |    85 |   121 |   171 ||   377
       Static Discharge  |       |     8 |    17 ||    25
       Lightning Bolt    |       |       |     5 ||     5
       Airstrike         |       |       |     6 ||     6
Evoke: Wand              |       |       |     2 ||     2
  Use: Scroll            |       |     5 |     2 ||     7
       Potion            |       |       |    12 ||    12
 Stab: Sleeping          |       |       |     1 ||     1
  Eat: Chunk             |     1 |     9 |    30 ||    40
       Fruit             |       |     1 |     2 ||     3
Armor: Robe              |       |     4 |    22 ||    26
Dodge: Dodged            |     2 |     5 |    53 ||    60
       Rpst.: Falchion   |       |       |     9 ||     9
